 Dungeon Crawl Stone Soup version 0.29-a0-468-ge57f7f99b4 (webtiles) character file.

Game seed: 6413985462238686685

6250 spaghetti the Fighter (level 10, -3/92 HPs)
             Began as a Demonspawn Berserker on May 22, 2022.
             Was a Priest of Trog.
             Slain by a salamander
             ... wielding a +5 halberd
              (5 damage)
             ... on level 3 of the Abyss.
             The game lasted 00:13:44 (7351 turns).

spaghetti the Fighter (Demonspawn Berserker)        Turns: 7351, Time: 00:13:45

Health: -3/92      AC: 19    Str: 26    XL:     10   Next: 62%
Magic:  10/10      EV:  9    Int:  8    God:    Trog [***...]
Gold:   300        SH:  0    Dex: 13    Spells: 9/9 levels left

rFire   + . .      SeeInvis .   m - +5 flail {mace}
rCold   . . .      Faith    .   (no shield)
rNeg    . . .      Spirit   .   n - +6 chain mail of Morchodamm {Str+4}
rPois   .          Reflect  .   (helmet restricted)
rElec   .          Harm     .   (no cloak)
rCorr   .          Rampage  .   t - +2 pair of gloves
Will    ++...                   (no boots)
Stlth   ..........              l - amulet of the acrobat
HPRegen 2.05/turn               q - ring of protection from fire
MPRegen 0.12/turn               (no ring)

@: about to teleport, strong-willed, regenerating
A: hooves 1, demonic guardian 2, spiny 1, horns 1, regeneration 1
a: Renounce Religion, Berserk, Trog's Hand


You were on level 3 of the Abyss.
You worshipped Trog.
Trog was most pleased with you.
You visited 1 branch of the dungeon, and saw 7 of its levels.
You visited the Abyss 1 time.

You collected 300 gold pieces.


Innate Abilities, Weirdness & Mutations

You have large cloven feet.
A demonic guardian rushes to your aid.
You are partially covered in sharp spines.
You have a pair of small horns on your head.
Your natural rate of healing is unusually fast.


   Skills:
 + Level 13.2 Fighting
 + Level 7.3 Armour
 - Level 1.7 Dodging
 - Level 6.1 Unarmed Combat


You had 9 spell levels left.
You didn't know any spells.
Your spell library contained the following spells:

 Spells                   Type           Power      Damage    Failure   Level
 Ozocubu's Armour         Ice            0%         N/A       100%        3
 Portal Projectile        Hex/Tloc       0%         N/A       100%        3
 Tukima's Dance           Hex            0%         N/A       100%        3
 Blade Hands              Tmut           0%         N/A       100%        5
 Ozocubu's Refrigeration  Ice            0%         4d5       100%        7

Inventory:

Hand Weapons
 g - a +5 great sword {long}
   (You took it off a wight on level 6 of the Dungeon)
 m - a +5 flail (weapon) {mace}
   (You took it off a wight on level 8 of the Dungeon)
 v - a +2 halberd of freezing {polearm}
   (You took it off a wight on level 8 of the Dungeon)
 w - a +3 great sword {long}
   (You took it off a wight on level 8 of the Dungeon)
 x - a +0 vampiric halberd {polearm}
   (You took it off an orc warrior on level 8 of the Dungeon)
 y - a +2 war axe of venom {axe}
   (You took it off an orc on level 8 of the Dungeon)
 B - a +1 flail {mace}
   (You took it off a wight on level 8 of the Dungeon)
 D - a +5 spear {polearm}
   (You took it off a wight on level 8 of the Dungeon)
 E - a +0 short sword of speed {short}
   (You took it off a kobold on level 8 of the Dungeon)
Missiles
 b - 17 poisoned darts {throwing}
 c - 211 stones (quivered) {throwing}
 e - 4 curare-tipped darts {=fthrowing}
 A - 2 throwing nets {=f!fthrowing}
 G - 3 atropa-tipped darts {throwing}
Armour
 j - a +2 helmet
   (You found it on level 1 of the Dungeon)
 n - the +6 chain mail of Morchodamm (worn) {Str+4}
   (You took it off an orc on level 7 of the Dungeon)

   Str:       It affects your strength (+4).
 t - a +2 pair of gloves (worn)
   (You found it on level 3 of the Dungeon)
Jewellery
 l - an amulet of the acrobat (around neck)
   (You found it on level 6 of the Dungeon)
 q - a ring of protection from fire (left hand)
   (You found it on level 3 of the Dungeon)
 s - a ring of protection from fire
   (You found it on level 7 of the Dungeon)
Wands
 p - a wand of acid (12)
   (You found it on level 7 of the Dungeon)
 F - a wand of iceblast (9)
   (You found it on level 8 of the Dungeon)
Scrolls
 a - a scroll of amnesia
 d - a scroll of fog
 f - 3 scrolls of noise {!r}
 k - 2 scrolls of poison {!r}
 r - 2 scrolls of identify {@r1}
 u - 2 scrolls of fear
Potions
 h - 5 potions of brilliance
 i - 2 potions of ambrosia
 z - 2 potions of attraction {!q}
 C - a potion of curing {@q1}

Dungeon Overview and Level Annotations

Branches:
Dungeon (9/15)
 Temple: D:4-7         Lair: D:8-11         Orc: D:9-12

Altars:
Okawaru
The Shining One

Shops:
D:3 ? D:9

[ ...... ... .....
... .... .. ... ..
..##. ... #.. .. #
... ..Ns. ..... .
###.####............
#..@4..# ...... ..
#NvxsS.#..........
#e.N4.......... ....
####......#..... ...
. ......e........#
..... .
....#..........##....
# #####...v..#....
.....#
#......#.......#.##.
.......#.......... .


You could see a spatial maelstrom, a salamander, a demonic crawler, a spatial
vortex, a guardian serpent (ally target), an ice devil, a deep elf pyromancer
(summoned), a worldbinder, a deep elf zephyrmancer (summoned), a naga mage
(fast) and a friendly ice devil (summoned).


Message History

Unknown command.
The guardian serpent shouts!
You hear a hideous shriek!
The naga mage casts a spell at you. The bolt of poison misses you.
The guardian serpent coils itself and waves its upper body at you.
The bolt of poison misses you.
A demonic crawler comes into view.
A spatial vortex comes into view. 😕 HP[+1]
The guardian serpent casts a spell at you.
The ice devil blinks!
The salamander blinks into view!
The demonic crawler blinks into view!
The naga mage blinks! 😕 HP[+1] Unknown command.
Unknown command.
The salamander attacks as you move away!
The salamander hits you with a +5 halberd.
You are engulfed in flames.
You resist.
The spatial maelstrom attacks as you move away!
The spatial maelstrom completely misses you. x2
The worldbinder calls forth creatures from the Elven Halls!
The demonic crawler shrieks in warning!
The salamander completely misses you.
The spatial maelstrom is struck by your spines.
The spatial maelstrom completely misses you.
The spatial maelstrom hits you but does no damage.
The ice devil misses you.
The worldbinder is struck by your spines.
The worldbinder barely misses you. The worldbinder closely misses you.
You hear a roar! x2; You hear a hideous shriek! 😕 HP[-8]
You take 8 damage, and now have 80/92 hp.
Unknown command.
Unknown command.
Unknown command.
The naga mage attacks as you move away! The naga mage is struck by your spines.
The naga mage hits you with a +2 flail of holy wrath.
You convulse.
The naga mage points at you and mumbles some strange words.
The bolt of poison misses you.
The demonic crawler completely misses you.
The demonic crawler misses you. The demonic crawler closely misses you.
The ice devil hits you! The ice devil freezes you!!
* * * LOW HITPOINT WARNING * * *
The deep elf knight gestures wildly while chanting.
The deep elf knight flickers and vanishes!
Deactivating autopickup; reactivate with Ctrl-A.
The deep elf pyromancer mumbles some strange words.
Send 'em back where they came from!
Your rust devil disappears in a puff of smoke!
Unknown command. 😨 HP[-34]
You take 34 damage, and now have 46/92 hp.
MASSIVE DAMAGE!! (PAUSE) Unknown command.
Unknown command.
The ice devil attacks as you move away! The ice devil hits you.
* * * LOW HITPOINT WARNING * * *
The ice devil freezes you!
* * * LOW HITPOINT WARNING * * *
The demonic crawler is struck by your spines.
The demonic crawler hits you but does no damage. x2
The demonic crawler misses you.
The spatial maelstrom is struck by your spines.
The spatial maelstrom hits you but does no damage.
The spatial maelstrom closely misses you. 😨 HP[-11]
You take 11 damage, and now have 35/92 hp.
Unknown command.
Unknown command.
The worldbinder attacks as you move away!
The worldbinder misses you. The worldbinder completely misses you.
The worldbinder closely misses you. The worldbinder misses you.
The spatial maelstrom hits you!
* * * LOW HITPOINT WARNING * * *
Space warps around you.
* * * LOW HITPOINT WARNING * * *
The spatial maelstrom completely misses you. 😨 HP[-10]
You take 10 damage, and now have 25/92 hp.
Unknown command.
Unknown command.
Your skin crawls.
You feel strong-willed.
The demonic crawler hits you but does no damage. x2
The demonic crawler hits you.
* * * LOW HITPOINT WARNING * * *
A demonic guardian appears!
The guardian serpent casts a spell at you.
Your ice devil resists with almost no effort.
The worldbinder is struck by your spines.
The worldbinder completely misses you.
The worldbinder hits you but does no damage.
The spatial maelstrom hits you!
* * * LOW HITPOINT WARNING * * *
The spatial maelstrom hits you but does no damage.
The salamander hits you from afar with a +5 halberd.
* * * LOW HITPOINT WARNING * * *
You are engulfed in flames.
You resist.
You die...

Skill      XL: |  1  2  3  4  5  6  7  8  9 10 |
---------------+-------------------------------+-----
Unarmed Combat | 3 4 5 6 |  6.1
Fighting       | 4 5 7 10 12 13 | 13.2
Armour         | 5 7 |  7.3
Dodging        | |  1.7

Action                   |  1- 3 |  4- 6 |  7- 9 | 10-12 || total
-------------------------+-------+-------+-------+-------++-------
Melee: Unarmed           |   106 |    83 |   164 |       ||   353
       Punch             |     3 |     3 |    11 |     2 ||    19
       Kick              |     9 |    27 |    62 |    34 ||   132
       Flail             |       |       |    14 |    82 ||    96
       Headbutt          |       |       |       |     7 ||     7
Throw: Stone             |    97 |    32 |    38 |    33 ||   200
Invok: Berserk           |     1 |     4 |     8 |     2 ||    15
       Trog's Hand       |       |     1 |     3 |     3 ||     7
  Use: Scroll            |     1 |     7 |     5 |     3 ||    16
       Potion            |       |     7 |     5 |     1 ||    13
 Stab: Fleeing           |       |       |     1 |       ||     1
Armor: Animal skin       |    31 |    12 |     9 |       ||    52
       Steam dragon scal |       |       |    19 |       ||    19
       Chain mail        |       |       |    42 |    83 ||   125
Dodge: Dodged            |    75 |    41 |   113 |    85 ||   314

Levels and vault maps discovered:
D:1:      psy_arrival_dodecagon, layout_loops_ring, corexii_hall_statues_x
D:2:      layout_basic, minmay_misc_feat_more_columns, kennysheep_nondescript
D:3:      layout_rooms, general_overflow_altar,
          mainiacjoe_overflow_small_starburst, jmf_multi_god_temple2,
          serial_shops, nicolae_diamond_shop
D:6:      layout_rooms, portal_sewer_entry_d
D:7:      layout_rooms, st_stairs_4, patterned_corridor, uniq_duvessa,
          uniq_pikel, uniq_joseph
D:8:      layout_gridville
D:9:      layout_basic, serial_ice, serial_ice_c, serial_ice_e, serial_ice_h,
          serial_ice_a, hellmonk_scale_shop
Abyss:3:  base:
D:7

Notes
Turn   | Place    | Note
-------+----------+-------------------------------------------
     0 | D:1      | spaghetti the Demonspawn Berserker began the quest for the
                  | Orb.
     0 | D:1      | Reached XP level 1. HP: 18/18 MP: 1/1
     0 | D:1      | magus.rc [v1.9.6]
   194 | D:1      | Reached skill level 3 in Unarmed Combat
   384 | D:1      | Gained mutation: A weak demonic guardian rushes to your
                  | aid. [demonic ancestry]
   384 | D:1      | Reached XP level 2. HP: 22/24 MP: 2/2
  1237 | D:2      | Reached ** piety under Trog
  1238 | D:2      | Gained mutation: You have large cloven feet. [demonic
                  | ancestry]
  1238 | D:2      | Reached XP level 3. HP: 27/29 MP: 3/3
  1781 | D:2      | Reached skill level 4 in Unarmed Combat
  2028 | D:3      | Noticed a phantom
  2040 | D:3      | Killed a phantom
  2041 | D:3      | Reached skill level 4 in Fighting
  2041 | D:3      | Reached XP level 4. HP: 11/37 MP: 4/4
  2041 | D:3      | Reached XP level 5. HP: 13/42 MP: 5/5
  2391 | D:3      | Found Nuroas's Magic Scroll Boutique.
  2415 | D:3      | You pick up a book of Weapons {forbidden} and begin
                  | reading...
  2415 | D:3      | You add the spells Tukima's Dance, Portal Projectile and
                  | Blade Hands to your library.
  2528 | D:3      | Found an iron altar of Okawaru.
  2631 | D:3      | You fall into a shaft and drop 3 floors!
  2844 | D:6      | Noticed an orc warrior
  2849 | D:7      | Noticed a steam dragon
  2870 | D:6      | HP: 3/43 [orc warrior/+0 long sword (10)]
  2886 | D:6      | Killed an orc warrior
  2887 | D:6      | Reached skill level 5 in Fighting
  2887 | D:6      | Reached skill level 5 in Unarmed Combat
  2887 | D:6      | Reached XP level 6. HP: 10/51 MP: 6/6
  3354 | D:6      | Gained mutation: You are partially covered in sharp spines.
                  | [demonic ancestry]
  3354 | D:6      | Reached XP level 7. HP: 53/57 MP: 7/7
  3411 | D:6      | Reached skill level 6 in Fighting
  3411 | D:6      | Reached skill level 6 in Unarmed Combat
  3780 | D:7      | Killed a steam dragon
  3781 | D:7      | Reached skill level 7 in Fighting
  3939 | D:7      | Noticed a steam dragon
  3953 | D:7      | Gained mutation: A demonic guardian rushes to your aid.
                  | [demonic ancestry]
  3953 | D:7      | Reached XP level 8. HP: 68/68 MP: 8/8
  3958 | D:7      | Reached skill level 8 in Fighting
  3961 | D:7      | Gained mutation: You possess an exceptional clarity of
                  | mind. [potion of mutation]
  3964 | D:7      | Noticed Joseph
  3966 | D:7      | Identified the +6 chain mail of Morchodamm {Str+4}
  3985 | D:7      | Reached skill level 9 in Fighting
  3986 | D:7      | Noticed Duvessa
  3993 | D:7      | Noticed Pikel
  4002 | D:7      | Noticed Dowan
  4007 | D:7      | Killed Pikel
  4008 | D:7      | Reached skill level 10 in Fighting
  4013 | D:7      | Reached XP level 9. HP: 70/79 MP: 9/9
  4014 | D:7      | Killed Duvessa
  4017 | D:7      | Killed Dowan
  4192 | D:7      | Killed Joseph
  4193 | D:7      | Reached skill level 11 in Fighting
  4193 | D:7      | Reached skill level 2 in Armour
  4436 | D:7      | Noticed a cyclops
  4451 | D:7      | Killed a cyclops
  4452 | D:7      | Reached skill level 3 in Armour
  4474 | D:7      | Reached skill level 4 in Armour
  5150 | D:8      | Reached skill level 12 in Fighting
  5150 | D:8      | Reached skill level 5 in Armour
  5552 | D:8      | Reached XP level 10. HP: 89/89 MP: 10/10
  5562 | D:8      | Reached *** piety under Trog
  5943 | D:8      | You add the spells Ozocubu's Armour and Ozocubu's
                  | Refrigeration to your library.
  6026 | D:8      | Lost mutation: You possess an exceptional clarity of mind.
                  | [potion of mutation]
  6026 | D:8      | Gained mutation: Your natural rate of healing is unusually
                  | fast. [potion of mutation]
  6026 | D:8      | Gained mutation: You have a pair of small horns on your
                  | head. [potion of mutation]
  6294 | D:9      | Reached skill level 6 in Armour
  6587 | D:9      | Reached skill level 13 in Fighting
  6673 | D:9      | Reached skill level 7 in Armour
  6832 | D:9      | Found Aklushae's Superior Scales.
  7060 | D:9      | You are cast into the Abyss!
  7060 | D:9      | Cast into level 1 of the Abyss (orc warrior)
  7183 | Abyss:2  | Found a corrupted altar of Lugonu.
  7263 | Abyss:2  | HP: 14/92 [stone giant simulacrum (20)]
  7335 | Abyss:3  | Noticed a spatial maelstrom
  7342 | Abyss:3  | Noticed a naga mage
  7343 | Abyss:3  | Noticed a salamander
  7343 | Abyss:3  | Noticed a guardian serpent
  7347 | Abyss:3  | Noticed a worldbinder
  7348 | Abyss:3  | Noticed a deep elf knight
  7348 | Abyss:3  | Noticed a deep elf pyromancer
  7348 | Abyss:3  | Noticed a deep elf zephyrmancer
  7351 | Abyss:3  | HP: 21/92 [demonic crawler (6)]
  7351 | Abyss:3  | HP: 7/92 [spatial maelstrom (14)]
  7351 | Abyss:3  | HP: 2/92 [salamander/+5 halberd (5)]
  7351 | Abyss:3  | Slain by a salamander

Vanquished Creatures
  Pikel (D:7)
  A cyclops (D:7)
  Joseph (D:7)
  A shadow (D:9)
  6 yaks (D:9)
  A wyvern (D:9)
  3 steam dragons (D:7)
  4 acid dragons
  A water moccasin (D:7)
  Duvessa (D:7)
  A black bear (D:7)
  2 ice beasts
  2 orc warriors
  A lemure (D:7)
  2 phantoms
  2 kobold brigands
  3 bullfrogs
  A necrophage (D:7)
  A scorpion (D:6)
  10 wights
  Dowan (D:7)
  12 killer bees (D:8)
  2 howler monkeys
  2 hounds (D:6)
  2 orc priests
  A gnoll shaman (D:8)
  2 iguanas (D:6)
  An orc wizard (D:8)
  3 centaur simulacra (D:9)
  12 gnolls
  4 adders
  A shadow imp (D:7)
  An ufetubus (D:9)
  A dart slug (D:2)
  19 orcs
  5 bats
  An endoplasm (D:1)
  2 giant cockroaches
  3 goblins (D:1)
  3 hobgoblins (D:1)
  3 jackals (D:2)
  A quokka (D:2)
  7 ball pythons
  5 frilled lizards
  9 kobolds
  8 rats
156 creatures vanquished.

Vanquished Creatures (collateral kills)
  A stone giant simulacrum (Abyss:2)
  An ogre (D:7)
  3 wights (D:8)
  A hobgoblin (D:2)
  A quokka (D:2)
  A frilled lizard (D:2)
8 creatures vanquished.

Grand Total: 164 creatures vanquished

Table legend:
 A = Non-vault XP
 B = Vault XP
 C = Vault XP percentage of total XP
 D = Non-vault monster count
 E = Vault monster count
 F = Vault count percentage of total count
                 A         B        C        D         E       F
            +---------+---------+-------+---------+---------+-------
      Total |    7076 |    1853 |  20.8 |     150 |      13 |   8.0
            +---------+---------+-------+---------+---------+-------
        D:1 |      35 |       0 |   0.0 |      22 |       0 |   0.0
        D:2 |      54 |       0 |   0.0 |      19 |       0 |   0.0
        D:3 |     133 |       0 |   0.0 |       8 |       0 |   0.0
        D:6 |     842 |      14 |   1.6 |      23 |       1 |   4.2
        D:7 |    1624 |    1477 |  47.6 |      17 |       6 |  26.1
        D:8 |    2216 |       0 |   0.0 |      44 |       0 |   0.0
        D:9 |    2172 |     362 |  14.3 |      16 |       6 |  27.3
    Abyss:2 |       0 |       0 |   N/A |       1 |       0 |   0.0
            +---------+---------+-------+---------+---------+-------

Illustrated notes

Table legend:
 A = Kills in this place as a percentage of kills in entire the game.
 B = Kills by you in this place as a percentage of kills by you in the entire game.
 C = Kills by friends in this place as a percentage of kills by friends in the entire game.
 D = Other kills in this place as a percentage of other kills in the entire game.
 E = Experience gained in this place as a percentage of experience gained in the entire game.
 F = Experience gained in this place divided by the number of levels of this place that you have seen.
                   A       B       C       D       E      F
               +-------+-------+-------+-------+-------+----------------------
         Total | 100.0 | 100.0 | 100.0 |   N/A | 100.0 | 892.9
       Dungeon |  99.4 | 100.0 |  87.5 |   N/A | 100.0 | 1275.6
         Abyss |   0.6 |   0.0 |  12.5 |   N/A |   0.0 |   0.0
               +-------+-------+-------+-------+-------+----------------------

Table legend: (Time is in decaauts)
 A = Elapsed time spent in this place.
 B = Non-inter-level travel time spent in this place.
 C = Inter-level travel time spent in this place.
 D = Time resting spent in this place.
 E = Time spent auto-exploring this place.
 F = Levels seen in this place.
 G = Mean time per level.
                   A        B        C        D        E       F      G
               +--------+--------+--------+--------+--------+-----+--------+
         Total |   7511 |   7351 |    160 |    424 |   5720 |  10 |  751.1 |
       Dungeon |   7219 |   7059 |    160 |    364 |   5584 |   7 | 1031.3 |
         Abyss |    292 |    292 |      0 |     60 |    136 |   3 |   97.3 |
               +--------+--------+--------+--------+--------+-----+--------+

Top non-repeatable levels by time:
     D:8: 1619 daAuts
     D:6: 1170 daAuts
     D:1: 1157 daAuts
     D:7: 972 daAuts
     D:2: 860 daAuts
     D:9: 813 daAuts
     D:3: 624 daAuts
 Abyss:2: 110 daAuts
 Abyss:1: 96 daAuts
 Abyss:3: 85 daAuts
